 Dungeon Crawl Stone Soup version 0.29.1-2-gbd0b4ee654 (webtiles) character file.

Game seed: 2929292972796181168

1439 Avanven the Carver (level 8, -1/62 HPs)
             Began as a Minotaur Gladiator on Nov 5, 2022.
             Was a Believer of Okawaru.
             Killed from afar by an orc wizard (10 damage)
             ... with a puff of flame
             ... on level 6 of the Dungeon.
             The game lasted 00:08:42 (5781 turns).

Avanven the Carver (Minotaur Gladiator)             Turns: 5781, Time: 00:08:43

Health: -1/62      AC:  5    Str: 19    XL:     8   Next: 45%
Magic:  7/7        EV: 15    Int:  5    God:    Okawaru [**....]
Gold:   351        SH:  0    Dex: 14    Spells: 7/7 levels left

rFire   . . .      SeeInvis .   r - +2 long sword (holy)
rCold   . . .      Faith    .   (no shield)
rNeg    . . .      Spirit   .   b - +0 leather armour
rPois   .          Reflect  .   c - +0 hat
rElec   .          Harm     .   q - +1 cloak
rCorr   +          Rampage  .   (no gloves)
Will    .....                   (no boots)
Stlth   +.........              (no amulet)
HPRegen 0.20/turn               p - ring of resist corrosion
MPRegen 0.10/turn               (no ring)

@: no status effects
A: horns 2, retaliatory headbutt
a: Renounce Religion, Heroism


You were on level 6 of the Dungeon.
You worshipped Okawaru.
Okawaru was pleased with you.
You visited 2 branches of the dungeon, and saw 7 of its levels.

You collected 351 gold pieces.

Inventory:

Hand Weapons
 r - a +2 long sword of holy wrath (weapon)
Missiles
 a - 3 javelins
 d - 3 throwing nets (quivered)
Armour
 b - a +0 leather armour (worn)
 c - a +0 hat (worn)
 q - a +1 cloak (worn)
Jewellery
 p - a ring of resist corrosion (left hand)
Wands
 g - a wand of flame (19)
Scrolls
 h - 3 scrolls of teleportation
Potions
 f - a potion of ambrosia
 i - a potion of curing
 j - a potion of haste {unknown}
 k - a potion of attraction {unknown}
 l - 4 potions of degeneration {unknown}
 m - a potion of brilliance
 n - 3 potions of might {unknown}
 o - a potion of heal wounds
 s - 2 potions of lignification {unknown}
 t - a potion of magic {unknown}


   Skills:
 - Level 2.4 Fighting
 * Level 10.9 Long Blades
 - Level 2.0 Throwing
 + Level 7.4 Dodging


You had 7 spell levels left.
You didn't know any spells.
Your spell library contained the following spells:

 Spells                   Type           Power      Damage    Failure   Level
 Ignite Poison            Fire/Tmut/Pois 0%         N/A       88%         3
 Mephitic Cloud           Conj/Pois/Air  0%         N/A       88%         3
 Freezing Cloud           Conj/Ice/Air   0%         6-21      100%        5


Dungeon Overview and Level Annotations

Branches:
Dungeon (6/15)             Temple (1/1) D:5

Altars:
Ashenzari
Cheibriados
Dithmenos
Elyvilon
Fedhas
Gozag
Hepliaklqana
Kikubaaqudgha
Nemelex Xobeh
Okawaru
Qazlal
Ru
Sif Muna
Trog
Wu Jian
Xom
Yredelemnul
The Shining One

Shops:
D:3 :   D:4 *

Annotations:
D:3 2 transporters, Henri's ghost, amateur VSEn


Innate Abilities, Weirdness & Mutations

You have a pair of horns on your head.
You reflexively headbutt those who attack you in melee.


Message History

Unknown command.
You barely miss the scorpion. The scorpion closely misses you.
You barely miss the scorpion.
The scorpion stings you but does no damage.
You hit the scorpion.
The scorpion is lightly wounded.
The scorpion stings you.
You are poisoned.
The scorpion poisons you!
You barely miss the scorpion.
The scorpion is lightly wounded.
You feel very sick.
The scorpion stings you but does no damage.
You barely miss the scorpion.
The scorpion is lightly wounded.
You feel sick. The scorpion closely misses you. You furiously retaliate!
You headbutt the scorpion, but do no damage.
You barely miss the scorpion.
The scorpion is lightly wounded.
You feel sick. The scorpion misses you.
You slash the scorpion! Your headbutt misses the scorpion.
The scorpion is severely wounded.
You feel sick.
The scorpion stings you but does no damage.
You hit the scorpion. You headbutt the scorpion.
You kill the scorpion!
Okawaru accepts your kill.
You feel sick.
You feel sick.
You feel sick.
You hear some strange, mumbled words.
A puff of flame appears from out of thin air!
The puff of flame hits you.
* * * LOW HITPOINT WARNING * * *
You feel sick.
You feel sick.
You are no longer poisoned.
A puff of flame appears from out of thin air!
The puff of flame hits you!
You die...

#.###.....# #.#
#.[#### ###.#
#...... #...#
####... ###.###
#<. ###...# ##
#...###
#####.###
#...@.##...
#{#####.....
#.# ##...~.~..
##†###...~~.~~.
#..##...~~...~~
#.##...~~.....~
#†#...~~.......
#.'.5♣~♣.......
###...~~.......


There were no monsters in sight!

Vanquished Creatures
  Edmund (D:6)
  A sky beast (D:6)
  A black bear (D:5)
  An ogre (D:4)
  A centaur (D:5)
  A phantom (D:6)
  A bullfrog (D:6)
  A necrophage (D:4)
  5 scorpions
  An electric eel (D:6)
  A jelly (D:5)
  4 hounds
  3 iguanas (D:5)
  2 orc wizards (D:5)
  3 gnolls (D:4)
  6 adders (D:5)
  A white imp (D:6)
  A worm (D:2)
  2 dart slugs (D:4)
  9 orcs
  7 bats
  7 endoplasms
  2 giant cockroaches (D:2)
  4 goblins
  6 hobgoblins
  4 jackals (D:5)
  2 quokkas
  5 ball pythons
  2 frilled lizards (D:3)
  6 kobolds
  7 rats
98 creatures vanquished.

Notes
Turn   | Place    | Note
-------+----------+-------------------------------------------
     0 | D:1      | Avanven the Minotaur Gladiator began the quest for the Orb.
     0 | D:1      | Reached XP level 1. HP: 18/18 MP: 0/0
   401 | D:1      | Reached skill level 4 in Long Blades
   445 | D:1      | Reached XP level 2. HP: 24/25 MP: 1/1
   650 | D:1      | Found a faded altar of an unknown god.
  1489 | D:2      | Reached XP level 3. HP: 30/30 MP: 2/2
  1980 | D:3      | Found Agizeb's Vocational Training.
  2025 | D:3      | Reached skill level 5 in Long Blades
  2275 | D:3      | Found a transporter.
  2278 | D:3      | Noticed Henri's ghost (amateur VSEn)
  2312 | D:3      | Found a transporter.
  2313 | D:3      | Noticed a necrophage
  2437 | D:4      | Noticed a scorpion
  2450 | D:4      | Killed a scorpion
  2451 | D:4      | Reached XP level 4. HP: 3/37 MP: 3/3
  2600 | D:4      | Found a hazy altar of Hepliaklqana.
  2629 | D:4      | Found an ornate altar of the Wu Jian Council.
  2656 | D:4      | Found a broken altar of Ashenzari.
  2658 | D:4      | Found a basalt altar of Yredelemnul.
  2660 | D:4      | Found a blossoming altar of Fedhas.
  2661 | D:4      | Found an iron altar of Okawaru.
  2661 | D:4      | Found a shadowy altar of Dithmenos.
  2661 | D:4      | Found an ancient bone altar of Kikubaaqudgha.
  2662 | D:4      | Found a glowing golden altar of the Shining One.
  2667 | D:4      | Became a worshipper of Warmaster Okawaru
  2673 | D:4      | Found Jeisamn's General Store.
  2684 | D:4      | Reached skill level 6 in Long Blades
  2684 | D:4      | Reached XP level 5. HP: 35/42 MP: 4/4
  3245 | D:4      | Reached skill level 7 in Long Blades
  3245 | D:4      | Reached skill level 5 in Dodging
  3245 | D:4      | Reached XP level 6. HP: 23/50 MP: 5/5
  3634 | D:4      | Reached * piety under Okawaru
  3848 | D:5      | Entered Level 5 of the Dungeon
  3903 | D:5      | Reached skill level 8 in Long Blades
  3942 | D:5      | Reached XP level 7. HP: 54/56 MP: 6/6
  4340 | D:5      | Found a staircase to the Ecumenical Temple.
  4352 | Temple   | Entered the Ecumenical Temple
  4442 | D:5      | Found a shimmering blue altar of Sif Muna.
  4652 | D:5      | Reached skill level 9 in Long Blades
  4919 | D:5      | Reached ** piety under Okawaru
  5250 | D:6      | Noticed Edmund
  5260 | D:6      | Killed Edmund
  5261 | D:6      | Reached XP level 8. HP: 31/62 MP: 7/7
  5432 | D:6      | Reached skill level 10 in Long Blades
  5781 | D:6      | Killed from afar by an orc wizard

Illustrated notes

Levels and vault maps discovered:
D:1:      amcnicky_arrival_feature_with_door, layout_loops_corners,
          shapermc_ecumenical_altar_flowoftime
D:2:      layout_loops_ring
D:3:      layout_rooms, gammafunk_ghost_mausoleum, nicolae_shop_vocational
D:4:      layout_gridville, grunt_temple_overflow_open,
          nzn_hepliaklqana_mist_gate, pdpol_wu_jian_five_deadly_venoms,
          nicolae_stop_n_shop_2
D:5:      layout_basic, mainiacjoe_overflow_alcove_1, minmay_temple_entry_hall,
          water_maze_lemuel
D:6:      layout_cave_pools, zin_scriptorium, serial_shops, nicolae_shop_trees,
          chequers_serial_rivers_large_b, kennysheep_diamond,
          columned_hall_lemuel, roderic_lattice_a, minivault_27, uniq_pikel,
          uniq_edmund
Temple:   hellmonk_temple_two_chambers

Skill      XL: |  1  2  3  4  5  6  7  8 |
---------------+-------------------------+-----
Long Blades    | 4 5 6 7 8 9 10 | 10.9
Dodging        | 4 5 6 7 |  7.4
Fighting       | |  2.4
Throwing       | |  2.0

Action                   |  1- 3 |  4- 6 |  7- 9 || total
-------------------------+-------+-------+-------++-------
Melee: Long sword        |    93 |    69 |   116 ||   278
       Headbutt          |     9 |    11 |    18 ||    38
Throw: Throwing net      |       |     2 |       ||     2
Invok: Heroism           |       |       |     1 ||     1
  Use: Scroll            |     4 |     5 |     1 ||    10
       Potion            |       |     2 |     1 ||     3
Armor: Leather armour    |    31 |    17 |    31 ||    79
Dodge: Dodged            |    59 |    44 |    86 ||   189
